 Dungeon Crawl Stone Soup version 0.31-a0-232-gb1c03b2570 (webtiles) character file.

Game seed: 1509638282971548692

184 qw the Shooter (level 5, -1/45 HPs)
             Began as a Minotaur Hexslinger on July 7, 2023.
             Slain by Sigmund
             ... wielding a +0 scythe
              (4 damage)
             ... on level 4 of the Dungeon.
             The game lasted 00:01:01 (3030 turns).

qw the Shooter (Minotaur Hexslinger)                Turns: 3030, Time: 00:01:02

Health: -1/45      AC: 11    Str: 13    XL:     5   Next: 36%
Magic:  5/5        EV: 11    Int: 13    God:
Gold:   144        SH:  0    Dex: 14    Spells: 5/6 levels left

rFire   + . .        c - +0 shortbow
rCold   + . .        (shield currently unavailable)
rNeg    . . .        b - +4 ring mail of Radi {Rampage Int+3}
rPois   .            (helmet restricted)
rElec   .            j - +0 cloak
rCorr   .            i - +0 pair of gloves
SInv    .            (no boots)
Will    .....        (no amulet)
Stlth   +            h - ring of protection from cold
HPRegen 0.27/turn    e - ring of protection from fire
MPRegen 0.09/turn

%: rampage
@: no status effects
A: horns 2, retaliatory headbutt
a: no special abilities


You were on level 4 of the Dungeon.
You visited 1 branch of the dungeon, and saw 4 of its levels.

You collected 144 gold pieces.


Innate Abilities, Weirdness & Mutations

You have a pair of horns on your head.
You reflexively headbutt those who attack you in melee.


   Skills:
 - Level 3.0 Fighting
 + Level 5.5 Ranged Weapons
 - Level 1.0 Armour
 - Level 2.1 Dodging
 - Level 1.0 Spellcasting
 - Level 2.0 Hexes


You had 5 spell levels left.
You knew the following spells:

 Your Spells              Type           Power      Damage    Failure   Level
a - Slow                  Hex            20%        N/A       26%         1

Your spell library contained the following spells:

 Spells                   Type           Power      Damage    Failure   Level
 Inner Flame              Hex/Fire       3%         N/A       75%         3
 Portal Projectile        Hex/Tloc       6%         N/A       75%         3
 Cause Fear               Hex            2%         N/A       95%         4

Inventory:

Hand Weapons
 c - a +0 shortbow (weapon)
Armour
 b - the +4 ring mail of Radi (worn) {Rampage Int+3}
   (You found it on level 3 of the Dungeon)

   Int:       It affects your intelligence (+3).
   Rampage:   It bestows one free step when moving towards enemies.
 i - a +0 pair of gloves (worn)
 j - a +0 cloak (worn)
Jewellery
 e - a ring of protection from fire (right hand)
 h - a ring of protection from cold (left hand)
Scrolls
 d - 4 scrolls of identify
Potions
 a - a potion of might
 f - a potion of degeneration {unknown}

Dungeon Overview and Level Annotations

Branches:
Dungeon (4/15)
 Temple: D:4-7

Altars:

Shops:
D:2 [

Annotations:
D:4 Sigmund


Message History

A magic dart appears from out of thin air!
The magic dart hits you but does no damage.
You shoot an arrow.
You hear some strange, mumbled words.
A puff of flame appears from out of thin air!
The puff of flame hits you but does no damage.
You hear some strange, mumbled words.
Something tries to affect you, but you resist.
You shoot an arrow.
A magic dart appears from out of thin air!
The magic dart hits you.
You shoot an arrow.
You hear the brisk hiss of a very distant avalanche of sand.
A magic dart appears from out of thin air!
The magic dart hits you.
You shoot an arrow. Something hits you.
You shoot an arrow.
You feel less confused. Something hits you but does no damage.
You shoot an arrow.
A magic dart appears from out of thin air!
The magic dart hits you but does no damage.
You shoot an arrow.
You hear some strange, mumbled words.
You are confused.
You shoot an arrow.
You hear some strange, mumbled words.
A puff of flame appears from out of thin air!
The puff of flame misses you.
You shoot an arrow. Something hits you.
You shoot an arrow. Something hits you!
You shoot an arrow. Something hits you.
You shoot an arrow.
You feel less confused. Something hits you.
You die...

##.# #.# #....# ##.## #.# #.##.#
#.#.###.# #.##.# .###....#
#.##.######## ....#####
#.##......... ##..############
#.##.........
#..............#####.##.########
#...##########..........#######
...## #..@.............. #..#
#{#####...#######. #..# #.#
##.## #..# #.# #.# #..# #.# #.#
#..### #.# #.# #....# ... #.#
##.#.# .#. #.# #.#.# #. .. #.#


There were no monsters in sight!

Vanquished Creatures
  2 hounds (D:4)
  6 adders
  A white imp (D:4)
  2 worms (D:3)
  3 dart slugs
  An orc (D:3)
  6 endoplasms
  5 giant cockroaches
  4 hobgoblins
  A kobold (D:1)
  2 quokkas
  3 ball pythons
  3 bats
  4 frilled lizards
  5 goblins
  5 rats
53 creatures vanquished.

Notes
Turn   | Place    | Note
-------+----------+-------------------------------------------
     0 | D:1      | qw the Minotaur Hexslinger began the quest for the Orb.
     0 | D:1      | Reached XP level 1. HP: 16/16 MP: 1/1
     0 | D:1      | 0 ||| qw: Version: 0.3-a-46-gb1f654a
     0 | D:1      | 0 ||| qw: Game counter: 2839
     0 | D:1      | 0 ||| qw: Melee chars always use a shield: true
     0 | D:1      | 0 ||| qw: God list: Okawaru
     0 | D:1      | 0 ||| qw: Allow faded altars: false
     0 | D:1      | 0 ||| qw: Do Orc after clearing Dungeon:15 true
     0 | D:1      | 0 ||| qw: Do second Lair branch before Depths: true
     0 | D:1      | 0 ||| qw: Lair rune preference: random
     0 | D:1      | 0 ||| qw: Goals: Normal
     0 | D:1      | 0 ||| PLANNING D:1-11
    33 | D:1      | Reached skill level 3 in Ranged Weapons
    38 | D:1      | Reached XP level 2. HP: 23/23 MP: 2/2
   617 | D:1      | 617 ||| UPGRADING to +0 ring mail.
   627 | D:1      | 627 ||| DROPPING +0 robe.
   628 | D:1      | 628 ||| UPGRADING to +0 pair of gloves.
   633 | D:1      | 633 ||| UPGRADING to +0 cloak.
   638 | D:1      | 638 ||| UPGRADING to ring of protection from cold.
   639 | D:1      | 639 ||| READING scroll labelled WOC CIAGGUAT.
   640 | D:1      | 640 ||| READING scroll labelled PUOGUE HU RULUB.
   641 | D:1      | 641 ||| READING scroll labelled LUUPLE VUIB.
   642 | D:1      | 642 ||| DROPPING scroll of poison.
   800 | D:2      | Found Hanegg's Armour Emporium.
   808 | D:2      | 808 ||| SHOPLISTING +0 pair of boots of rampaging (115
                  | gold, have 60).
   808 | D:2      | 808 ||| SHOPLISTING +2 leather armour of willpower (190
                  | gold, have 60).
  1191 | D:2      | Reached skill level 1 in Armour
  1191 | D:2      | Reached XP level 3. HP: 29/29 MP: 3/3
  1441 | D:2      | 1441 ||| READING scroll labelled QESTRY KALLYTSI.
  1542 | D:2      | 1542 ||| READING 3 scrolls labelled TUTOCU MUHAPTU.
  1543 | D:2      | 1543 ||| READING scroll labelled GENA DUKYF.
  1544 | D:2      | 1544 ||| DRINKING 2 blue potions.
  1545 | D:2      | 1545 ||| DRINKING 2 bubbling coppery potions.
  1546 | D:2      | 1546 ||| DRINKING potion of curing.
  1546 | D:2      | 1546 ||| (to cure confusion)
  1547 | D:2      | 1547 ||| DROPPING potion of ambrosia.
  1624 | D:3      | Reached skill level 4 in Ranged Weapons
  1880 | D:3      | Reached XP level 4. HP: 36/36 MP: 4/4
  2258 | D:3      | HP: 7/36 [worm (9)]
  2375 | D:3      | Identified the +4 ring mail of Radi {Rampage Int+3}
  2599 | D:3      | 2599 ||| UPGRADING to +4 ring mail of Radi {Rampage Int+3}.
  2609 | D:3      | 2609 ||| DROPPING +0 ring mail.
  2610 | D:3      | 2610 ||| READING scroll labelled RYPUTI DIKHLUE.
  2611 | D:3      | 2611 ||| READING 4 scrolls of identify.
  2611 | D:3      | 2611 ||| IDENTIFYING lumpy red potion
  2636 | D:4      | 2636 ||| PLANNING OSSUARY
  2668 | D:4      | 2668 ||| SWAPPING to +0 shortbow.
  2669 | D:4      | 2669 ||| DROPPING +1 sling.
  2786 | D:4      | Reached skill level 5 in Ranged Weapons
  2856 | D:4      | Reached skill level 3 in Fighting
  2856 | D:4      | Reached XP level 5. HP: 36/45 MP: 5/5
  2971 | D:4      | Noticed Sigmund
  2996 | D:4      | 2996 ||| UPGRADING to ring of protection from fire.
  3009 | D:4      | 3009 ||| Stepping randomly (disturbance).
  3028 | D:4      | HP: 6/45 [something (9)]
  3030 | D:4      | Slain by Sigmund

Levels and vault maps discovered:
D:1:      dpeg_arrival_central, layout_basic
D:2:      layout_basic, serial_shops, shop
D:3:      layout_loops_ring, chequers_avenue, nicolae_eternal_life,
          minivault_24, minmay_randomly_rotated_circles
D:4:      layout_loops_ring, mainiacjoe_overflow_brackets,
          chequers_ossuary_entry_cave, uniq_sigmund

Skill      XL: |  1  2  3  4 |
---------------+-------------+-----
Ranged Weapons | 3 4 5 |  5.5
Fighting       | 2 3 |  3.0
Armour         | 1 |  1.0
Dodging        | |  2.1
Spellcasting   | |  1.0
Hexes          | |  2.0

Action                     |  1- 3 |  4- 6 || total
---------------------------+-------+-------++-------
   Fire: Sling             |   114 |    28 ||   142
         Shortbow          |       |    81 ||    81
    Use: Scroll            |     6 |     2 ||     8
         Potion            |     3 |       ||     3
 Armour: Robe              |     4 |       ||     4
         Ring mail         |    10 |    42 ||    52
  Dodge: Dodged            |    36 |    47 ||    83

Table legend:
 A = Non-vault XP
 B = Vault XP
 C = Vault XP percentage of total XP
 D = Non-vault monster count
 E = Vault monster count
 F = Vault count percentage of total count
                 A         B        C        D         E       F
            +---------+---------+-------+---------+---------+-------
      Total |     240 |      23 |   8.7 |      47 |       6 |  11.3
            +---------+---------+-------+---------+---------+-------
        D:1 |      33 |       0 |   0.0 |      18 |       0 |   0.0
        D:2 |      10 |       0 |   0.0 |       6 |       0 |   0.0
        D:3 |      76 |      23 |  23.2 |      14 |       6 |  30.0
        D:4 |     121 |       0 |   0.0 |       9 |       0 |   0.0
            +---------+---------+-------+---------+---------+-------
